Map: Orbital Shipyard

Players

KeithLemons

  • Race: Terran Terran
  • League: Platinum

LilDicky - Winner!

  • Race: Protoss Protoss
  • League: Diamond

VOD

http://www.twitch.tv/tumescentpie

Description

Time

  • Played on: Jan. 4, 2016, 11:03 p.m.
  • Length: 11:04
Show
View Real Time Build Order
Export as new Build Order

KeithLemons Terran 

Build Orders: Bio Tank 

Get SALT Encoding   

  12  0:01  SCV  
  13  0:13  SCV  
  14  0:18  Supply Depot  
  14  0:25  SCV  
  15  0:29  Refinery  
  15  0:39  SCV  
  16  0:46  Barracks  
  16  0:51  SCV  
  17  1:03  SCV  
  18  1:15  SCV  
  19  1:28  SCV  
  20  1:36  Reaper  
  21  1:40  SCV  
  21  1:42  Command Center  
  22  1:57  Supply Depot  
  22  2:14  Barracks Reactor  
  22  2:20  Factory, Orbital Command  
  22  2:30  Refinery  
  22  2:40  Supply Depot  
  22  2:52  Marine x2  
  24  2:58  SCV  
  24  3:01  Orbital Command  
  25  3:06  Factory Tech Lab  
  25  3:09  Marine  
  25  3:10  SCV  
  25  3:12  Starport  
  27  3:18  Marine  
  28  3:26  SCV x2  
  30  3:27  Marine  
  31  3:34  Siege Tank  
  34  3:42  Marine  
  34  3:45  Marine  
  35  3:51  Viking  
  36  4:00  Marine  
  36  4:09  Marine  
  37  4:14  Siege Tank  
  40  4:26  Marine  
  40  4:31  SCV  
  42  4:37  Liberator  
  42  4:39  SCV  
  42  4:43  SCV, Refinery x2  
  43  4:46  Barracks  
  43  4:50  Barracks Reactor  
  43  5:01  Barracks  
  43  5:04  Command Center  
  43  5:05  SCV  
  43  5:06  Supply Depot  
  44  5:13  SCV  
  45  5:17  SCV  
  46  5:24  Supply Depot  
  46  5:28  SCV, Siege Tank  
  50  5:29  SCV  
  51  5:42  Barracks Tech Lab  
  51  5:45  Starport Reactor  
  51  5:47  Marine x2  
  53  5:54  Barracks  
  53  5:55  Barracks Reactor  
  53  6:00  Siege Tank  
  56  6:04  SCV x2, Marine x2  
  60  6:12  Supply Depot  
  60  6:14  Supply Depot  
  60  6:15  Stimpack  
  60  6:16  SCV x2  
  62  6:28  SCV x2  
  63  6:40  SCV  
  64  6:51  Marine x2  
  64  6:52  Marine x2  
  64  6:53  SCV x2  
  64  6:54  Orbital Command  
  71  6:58  Siege Tank  
  71  7:02  Marine  
  71  7:05  SCV x2, Barracks Reactor  
  73  7:09  Marine x3  
  73  7:10  Marine  
  73  7:12  Engineering Bay  
  73  7:14  Supply Depot  
  77  7:15  Engineering Bay  
  77  7:16  Supply Depot  
  77  7:20  Marine  
  74  7:27  Marine x3  
  75  7:32  SCV  
  75  7:33  SCV x2  
  75  7:37  Supply Depot, Siege Tank  
  78  7:39  Marine x2  
  83  7:45  SCV x3, Marine  
  87  7:57  SCV x3  
  85  8:00  Marine x3  
  85  8:01  Missile Turret, Marine  
  82  8:09  SCV x3, Missile Turret  
  75  8:21  SCV  
  57  8:37  Missile Turret  
  54  8:45  Refinery  
  54  8:49  Siege Tank  
  54  8:50  Marine x4  
  54  8:51  Marine x2  
  63  9:00  SCV  
  64  9:09  Marine  
  65  9:12  SCV  
  66  9:21  Siege Tank  
  69  9:24  Marine x3  
  69  9:28  Medivac  
  74  9:32  Combat Shields  
  74  9:40  SCV  
  74  9:42  SCV  
  42  10:08  Marine x3  
  42  10:09  Marine  
  42  10:13  Marine x3  
  45  10:19  Siege Tank  
  46  10:22  Medivac x2  
  46  10:26  Marine x4  
Show
View Real Time Build Order
Export as new Build Order

LilDicky Protoss - Winner!

Build Orders:  

Get SALT Encoding   

  12  0:02  Probe (Chrono Boost)  
  13  0:12  Probe (Chrono Boost)  
  14  0:20  Pylon  
  14  0:23  Probe (Chrono Boost)  
  15  0:35  Assimilator  
  15  0:38  Probe (Chrono Boost)  
  16  0:44  Gateway  
  16  0:48  Probe (Chrono Boost)  
  17  0:56  Assimilator  
  17  1:00  Probe (Chrono Boost)  
  18  1:10  Probe (Chrono Boost)  
  19  1:24  Probe (Chrono Boost)  
  20  1:36  Cybernetics Core  
  20  1:40  Probe (Chrono Boost)  
  20  1:42  Pylon  
  21  1:51  Probe (Chrono Boost)  
  22  2:01  Probe (Chrono Boost)  
  23  2:13  Stalker  
  23  2:14  Warp Gate (Chrono Boost)  
  24  2:18  Mothership Core (Chrono Boost)  
  26  2:24  Gateway  
  26  2:27  Gateway  
  26  2:38  Probe  
  27  2:51  Probe  
  28  3:03  Pylon  
  28  3:24  Pylon  
  28  3:28  Pylon  
  28  3:53  Pylon  
  28  3:55  Pylon  
  25  4:17  Adept  
  25  4:19  Adept x2  
  27  4:35  Nexus  
  23  4:57  Twilight Council  
  23  4:58  Probe  
  24  5:06  Gateway  
  24  5:07  Adept x3  
  24  5:08  Gateway  
  24  5:11  Probe  
  24  5:13  Pylon  
  31  5:23  Probe  
  31  5:27  Adept  
  31  5:28  Adept x2  
  38  5:35  Probe, Pylon  
  38  5:36  Pylon  
  38  5:39  Dark Shrine  
  38  5:41  Resonating Glaives (Chrono Boost)  
  39  5:51  Adept x2  
  39  5:53  Adept  
  45  6:03  Probe  
  45  6:04  Probe  
  47  6:13  Probe  
  48  6:19  Probe  
  48  6:24  Probe  
  49  6:31  Probe  
  42  6:49  Stalker x3  
  42  6:50  Stalker  
  42  6:53  Mothership Core  
  47  7:02  Probe  
  48  7:09  Pylon  
  48  7:13  Probe  
  48  7:14  Probe  
  46  7:24  Probe  
  46  7:27  Probe  
  46  7:29  Dark Templar x4  
  46  7:34  Probe  
  47  7:39  Probe  
  46  8:22  Dark Templar x4  
  48  8:49  Archon  
  48  8:50  Archon  
  48  8:55  Zealot x4  
  56  8:58  Charge (Chrono Boost)  
  56  9:06  Gateway  
  56  9:07  Nexus  
  56  9:10  Probe, Pylon  
  56  9:11  Assimilator  
  56  9:12  Probe  
  56  9:15  Assimilator  
  58  9:20  Adept  
  58  9:21  Probe  
  62  9:24  Probe  
  62  9:31  Probe  
  62  9:36  Dark Templar, Probe  
  66  9:44  Assimilator  
  66  9:47  Dark Templar  
  66  9:50  Assimilator  
  60  10:26  Dark Templar x2  
Tags
 
Add a new tag
Caveats
  • Supply blocks, unpowered buildings, or Contaminate may cause inaccurate times.
  • Supply counts are checked every 10 seconds.